 Dungeon Crawl Stone Soup version 0.28-a0-1038-g9c4cb8273d (webtiles) character file.

Game seed: 6688406282779283541

280 yoda5477 the Slasher (level 6, -5/47 HPs)
             Began as a Demonspawn Fighter on Dec 8, 2021.
             Slain by a gnoll (8 damage)
             ... on level 4 of the Dungeon.
             The game lasted 00:13:02 (3829 turns).

yoda5477 the Slasher (Demonspawn Fighter)           Turns: 3829, Time: 00:13:03

Health: -5/47      AC: 10    Str: 19    XL:     6   Next: 5%
Magic:  6/6        EV:  7    Int:  9    God:
Gold:   66         SH:  4    Dex: 12    Spells: 5/5 levels left

rFire   . . .      SeeInvis .   a - +1 long sword
rCold   . . .      Faith    .   c - +0 buckler
rNeg    . . .      Spirit   .   k - +0 chain mail
rPois   +          Reflect  .   (no helmet)
rElec   .          Harm     .   (no cloak)
rCorr   .          Rampage  .   (no gloves)
Will    .....                   (no boots)
Stlth   ..........              (no amulet)
HPRegen 0.15/turn               f - ring of poison resistance
MPRegen 0.10/turn               (no ring)

@: mighty, lethally poisoned (-5 -> -12), lit by a corona, glowing
A: thin metallic scales 1, powered by death 2
a: no special abilities


You were on level 4 of the Dungeon.
You visited 1 branch of the dungeon, and saw 4 of its levels.
You also visited: Sewer.

You collected 66 gold pieces.

Inventory:

Hand Weapons
 a - a +1 long sword (weapon)
Missiles
 e - 92 stones (quivered)
 i - 5 atropa-tipped darts
 m - 23 arrows
 o - 17 sling bullets
Armour
 c - a +0 buckler (worn)
 k - a +0 chain mail (worn)
Jewellery
 f - a ring of poison resistance (left hand)
Scrolls
 n - a scroll of summoning {unknown}
 p - a scroll of blinking {unknown}
 s - a scroll of fog {unknown}
Potions
 d - 2 potions of might
 g - a potion of lignification
 h - 2 potions of heal wounds {unknown}
 j - a potion of attraction {unknown}
 l - 2 potions of mutation {unknown}
 q - a potion of haste {unknown}
 r - a potion of magic {unknown}


   Skills:
 - Level 3.0 Fighting
 * Level 5.3 Long Blades
 - Level 2.6 Armour
 + Level 3.6 Shields


You had 5 spell levels left.
You didn't know any spells.
Your spell library was empty.

Dungeon Overview and Level Annotations

Branches:
Dungeon (3/15)              Sewer (visited)

Altars:


Innate Abilities, Weirdness & Mutations

You are partially covered in thin metallic scales. (AC +2)
You regenerate health from kills.


Message History

The gnoll hits you from afar with a +1 spear of venom.
You are poisoned.
The gnoll shaman barely misses you.
You hit the gnoll shaman.
The gnoll shaman is severely wounded.
You feel sick.
The gnoll hits you from afar with a +1 spear of venom.
The gnoll shaman barely misses you.
You hit the gnoll shaman but do no damage.
The gnoll shaman is severely wounded.
You feel sick. The gnoll hits you but does no damage.
The gnoll shaman invokes the aid of its god against you.
You are outlined in light.
You hit the gnoll shaman.
You kill the gnoll shaman!
You feel sick.
The gnoll hits you from afar with a +1 spear of venom.
* * * LOW HITPOINT WARNING * * *
The gnoll hits you but does no damage. x2
You have reached level 6!
Your demonic ancestry asserts itself...
The wave of death grows in power.
You feel sick.
The gnoll hits you with a +1 spear of venom.
* * * LOW HITPOINT WARNING * * *
You hit the gnoll.
The gnoll is lightly wounded.
You feel sick. You block the gnoll's attack.
The gnoll hits you but does no damage.
The gnoll hits you with a +1 spear of venom.
* * * LOW HITPOINT WARNING * * *
You are more poisoned.
You hit the gnoll.
The gnoll is heavily wounded.
* * * LOW HITPOINT WARNING * * *
You feel sick.
The gnoll hits you but does no damage. x2
You feel very mighty all of a sudden.
* * * LOW HITPOINT WARNING * * *
You feel sick. The gnoll hits you with a +0 flail!
You die...

### ######
.> .....
#.##...####
.......g..
#g#.....
#@#...#
#g#..##
#.)...#
#####.# #


You could see 2 gnolls.

Vanquished Creatures
  A gnoll shaman (D:4)
  Jessica (D:2)
  Natasha (thrice) (D:1)
  2 adders
  7 river rats (Sewer)
  A dart slug (D:2)
  6 ball pythons
  5 endoplasms
  2 giant cockroaches (D:3)
  9 goblins
  3 hobgoblins
  3 jackals (D:1)
  5 kobolds
  5 quokkas
  12 frilled lizards
  12 rats
77 creatures vanquished.

Notes
Turn   | Place    | Note
-------+----------+-------------------------------------------
     0 | D:1      | yoda5477 the Demonspawn Fighter began the quest for the
                  | Orb.
     0 | D:1      | Reached XP level 1. HP: 18/18 MP: 1/1
   105 | D:1      | Reached skill level 2 in Long Blades
   291 | D:1      | Gained mutation: You regenerate a little health from kills.
                  | [demonic ancestry]
   291 | D:1      | Reached XP level 2. HP: 14/24 MP: 2/2
   860 | D:2      | Noticed Natasha
  1110 | D:2      | Noticed a crimson imp
  1120 | D:1      | Killed Natasha
  1121 | D:1      | Reached skill level 3 in Long Blades
  1121 | D:1      | Reached XP level 3. HP: 20/29 MP: 3/3
  1270 | D:2      | Noticed Jessica
  1282 | D:2      | Killed Jessica
  1283 | D:2      | Reached XP level 4. HP: 31/35 MP: 4/4
  1968 | D:1      | Noticed Natasha
  1985 | D:1      | Killed Natasha
  1986 | D:1      | Reached skill level 4 in Long Blades
  2354 | D:1      | Noticed Natasha
  2363 | D:1      | Killed Natasha
  2364 | D:1      | Gained mutation: You are partially covered in thin metallic
                  | scales. (AC +2) [demonic ancestry]
  2364 | D:1      | Reached XP level 5. HP: 41/41 MP: 5/5
  3053 | D:3      | Found a glowing drain.
  3057 | Sewer    | Entered a sewer
  3303 | Sewer    | Reached skill level 5 in Long Blades
  3785 | D:2      | You fall into a shaft and drop 2 floors!
  3826 | D:4      | Gained mutation: You regenerate health from kills. [demonic
                  | ancestry]
  3826 | D:4      | Reached XP level 6. HP: 14/47 MP: 6/6
  3829 | D:4      | Slain by a gnoll

Illustrated notes

Levels and vault maps discovered:
D:1:      minmay_arrival_arboretum_small, layout_basic
D:2:      layout_basic, uniq_natasha, uniq_crazy_yiuf_cottage, uniq_jessica
D:3:      layout_rooms, gup_sewer_entry_spiral, serial_shops, shop,
          kennysheep_cross_bottleneck, minmay_misc_feat_four_crosses
D:4:      layout_basic, mainiacjoe_overflow_cross_hatched

Skill      XL: |  1  2  3  4  5 |
---------------+----------------+-----
Long Blades    | 2 3 4 5 |  5.3
Shields        | 3 |  3.6
Fighting       | |  3.0
Armour         | |  2.6

Action                   |  1- 3 |  4- 6 || total
-------------------------+-------+-------++-------
Melee: Long sword        |    89 |   182 ||   271
       Unarmed           |       |    11 ||    11
Throw: Stone             |       |     2 ||     2
  Use: Scroll            |       |     2 ||     2
       Potion            |       |     1 ||     1
 Stab: Distracted        |       |     1 ||     1
Armor: Scale mail        |    23 |       ||    23
       Chain mail        |     1 |    75 ||    76
       Skin              |       |     3 ||     3
Dodge: Dodged            |    32 |    43 ||    75
Block: Buckler           |    19 |    43 ||    62

Table legend: (Time is in decaauts)
 A = Elapsed time spent in this place.
 B = Non-inter-level travel time spent in this place.
 C = Inter-level travel time spent in this place.
 D = Time resting spent in this place.
 E = Time spent auto-exploring this place.
 F = Levels seen in this place.
 G = Mean time per level.
                   A        B        C        D        E       F      G
               +--------+--------+--------+--------+--------+-----+--------+
         Total |   3997 |   3967 |     30 |   1130 |   1697 |   5 |  799.4 |
       Dungeon |   3308 |   3278 |     30 |    916 |   1528 |   4 |  827.0 |
         Sewer |    688 |    688 |      0 |    214 |    169 |   1 |  688.0 |
               +--------+--------+--------+--------+--------+-----+--------+

Top non-repeatable levels by time:
     D:1: 2670 daAuts
   Sewer: 688 daAuts
     D:3: 365 daAuts
     D:2: 227 daAuts
     D:4: 45 daAuts
